Map: Eternal Empire LE

Players

ViBE - Winner!

  • Race: Zerg Zerg
  • League: Diamond
  • Spawn Location: 7:00

Oasis

  • Race: Terran Terran
  • League: Diamond
  • Spawn Location: 1:00

VOD

Have the link to the VOD?

Description

Time

  • Played on: Dec. 15, 2019, 11:28 p.m.
  • Length: 11:30
Show
View Real Time Build Order
Export as new Build Order

ViBE Zerg - Winner!

Build Orders: Hatch First, Roach Hydra 

Get SALT Encoding   

  12  0:00  Drone  
  13  0:13  Overlord  
  13  0:23  Drone  
  14  0:32  Drone x2  
  16  0:41  Drone  
  17  0:53  Hatchery  
  16  0:57  Drone  
  16  1:00  Drone  
  18  1:15  Spawning Pool  
  17  1:18  Drone, Extractor  
  17  1:21  Drone  
  18  1:32  Drone  
  19  1:46  Overlord  
  19  2:04  Queen  
  19  2:05  Queen  
  19  2:07  Zergling x4  
  25  2:09  Drone  
  26  2:20  Drone x2  
  28  2:26  Drone  
  28  2:29  Metabolic Boost  
  29  2:39  Overlord  
  29  2:41  Drone  
  29  2:42  Drone  
  31  2:48  Drone  
  31  2:49  Drone  
  32  2:56  Overlord  
  32  3:02  Overlord  
  32  3:04  Queen  
  34  3:11  Hatchery  
  33  3:15  Drone x2  
  33  3:16  Drone  
  36  3:20  Overlord  
  36  3:23  Drone  
  37  3:28  Drone x2  
  37  3:31  Drone  
  37  3:32  Drone  
  37  3:33  Drone  
  42  3:41  Drone, Roach Warren  
  43  3:47  Queen  
  44  3:50  Drone  
  45  3:58  Zergling x10  
  50  4:03  Drone, Extractor  
  50  4:04  Drone x2  
  52  4:10  Overlord  
  52  4:21  Overlord  
  51  4:39  Drone x8  
  59  4:52  Drone x3  
  62  4:55  Lair  
  62  5:08  Drone x4  
  66  5:17  Drone  
  66  5:18  Drone x6  
  73  5:25  Hatchery  
  73  5:27  Drone x2  
  74  5:31  Extractor  
  74  5:35  Overlord x4, Extractor x3  
  70  5:52  Drone x2  
  70  5:53  Drone x2  
  70  5:54  Drone x8  
  81  6:04  Overseer  
  81  6:13  Hydralisk Den  
  81  6:14  Drone  
  81  6:16  Evolution Chamber  
  81  6:17  Evolution Chamber  
  79  6:25  Overlord  
  79  6:26  Overlord x6  
  79  6:27  Overlord x2  
  81  6:32  Roach  
  81  6:33  Roach x4  
  89  6:46  Roach x8  
  105  6:48  Zerg Missile Weapons Level 1, Zerg Ground Armor Level 1  
  105  6:49  Grooved Spines  
  105  6:50  Glial Reconstitution  
  105  7:08  Roach x5  
  109  7:09  Roach x10  
  135  7:21  Spore Crawler  
  134  7:24  Drone, Spore Crawler  
  134  7:26  Drone  
  134  7:27  Spore Crawler  
  134  7:29  Drone  
  135  7:31  Hydralisk  
  135  7:32  Hydralisk x7  
  151  8:04  Hydralisk x8  
  167  8:08  Overlord x5  
  167  8:17  Infestation Pit  
  166  8:31  Spore Crawler  
  165  8:36  Extractor  
  165  8:39  Extractor  
  163  8:41  Hydralisk x8  
  163  8:42  Hydralisk  
  163  8:45  Zergling x26  
  194  8:58  Hive  
  194  9:01  Hatchery  
  193  9:03  Zergling x14  
  200  9:10  Spire  
  199  9:28  Zerg Melee Weapons Level 1  
  199  9:31  Zergling x28  
  182  9:32  Zergling x8  
  182  9:36  Muscular Augments  
  197  9:41  Zergling x4  
  145  10:37  Zergling x44  
  145  10:38  Zergling x8  
  171  11:11  Drone x16  
Show
View Real Time Build Order
Export as new Build Order

Oasis Terran 

Build Orders:  

Get SALT Encoding   

  12  0:00  SCV  
  13  0:13  SCV  
  14  0:19  Supply Depot  
  14  0:25  SCV  
  15  0:31  Refinery  
  15  0:40  SCV  
  16  0:48  Barracks  
  16  0:52  SCV  
  17  0:58  Refinery  
  17  1:04  SCV  
  18  1:16  SCV  
  19  1:29  SCV  
  20  1:37  Factory  
  20  1:39  Reaper  
  21  1:44  SCV  
  22  1:50  Supply Depot  
  22  1:57  Orbital Command  
  22  2:11  Marine  
  23  2:20  Factory Tech Lab  
  23  2:23  SCV  
  23  2:29  Marine  
  25  2:37  SCV  
  26  2:39  Siege Tank  
  29  2:49  SCV  
  30  3:03  SCV  
  31  3:13  Command Center  
  31  3:15  SCV  
  32  3:27  SCV  
  32  3:31  Starport  
  33  3:39  SCV  
  33  3:40  Siege Tank  
  37  3:50  Supply Depot  
  37  3:51  SCV  
  38  3:59  Marine  
  39  4:07  Starport Reactor  
  39  4:11  SCV  
  40  4:24  SCV  
  41  4:25  Siege Tank  
  44  4:36  SCV, Engineering Bay  
  45  4:40  SCV  
  45  4:41  Engineering Bay  
  45  4:48  SCV  
  45  4:50  Refinery  
  45  4:52  SCV  
  47  4:59  Barracks  
  47  5:00  SCV  
  47  5:04  SCV  
  49  5:12  Factory, SCV  
  50  5:15  Terran Infantry Weapons Level 1  
  50  5:16  Barracks Tech Lab, SCV  
  50  5:20  Refinery  
  50  5:21  Terran Infantry Armor Level 1  
  51  5:24  SCV  
  52  5:35  SCV  
  53  5:36  SCV  
  53  5:38  Barracks  
  53  5:41  Starport  
  54  5:42  Starport Reactor  
  54  5:46  Barracks Reactor  
  54  5:47  SCV  
  54  5:48  SCV  
  56  5:52  Armory  
  56  5:55  Factory Tech Lab  
  56  5:59  SCV  
  56  6:00  SCV  
  58  6:05  Barracks  
  58  6:11  SCV  
  59  6:12  Stimpack, SCV  
  59  6:13  Marine  
  61  6:20  Starport Tech Lab  
  61  6:23  SCV  
  61  6:25  SCV  
  63  6:31  Marine  
  63  6:32  Supply Depot, Barracks Reactor  
  64  6:35  SCV, Marine x2  
  64  6:36  Siege Tank  
  64  6:39  Supply Depot  
  70  6:48  Terran Vehicle Weapons Level 1  
  70  6:53  Raven, SCV x2  
  74  6:54  Supply Depot  
  74  6:55  Barracks Reactor  
  74  7:00  Supply Depot  
  74  7:06  SCV x2  
  74  7:07  Supply Depot, Marine x2  
  74  7:08  Siege Tank  
  81  7:18  SCV x2  
  81  7:19  Medivac  
  81  7:22  Marine  
  86  7:23  Marine  
  86  7:24  Marine  
  86  7:26  Supply Depot  
  88  7:30  SCV  
  88  7:32  Medivac  
  88  7:34  SCV, Marine  
  88  7:35  Marine x2  
  95  7:39  Supply Depot  
  95  7:42  SCV, Marine  
  97  7:46  SCV  
  97  7:49  Medivac  
  100  7:52  Combat Shield, Marine  
  100  7:53  Marine  
  100  7:54  SCV  
  100  7:57  Supply Depot  
  104  7:58  SCV  
  104  8:02  Medivac, Marine  
  104  8:03  Marine x2  
  109  8:06  SCV  
  109  8:07  Supply Depot  
  109  8:10  SCV  
  111  8:18  SCV  
  112  8:20  Marine x3  
  112  8:22  SCV  
  112  8:23  Supply Depot  
  116  8:30  SCV  
  116  8:32  Marine x2  
  116  8:33  Marine x2  
  120  8:34  SCV  
  120  8:36  Supply Depot  
  120  8:38  Marine  
  122  8:42  SCV  
  123  8:49  Marine  
  123  8:50  Marine x2  
  123  8:51  Marine x2  
  123  8:52  Siege Tank  
  123  8:54  SCV  
  132  8:55  Marine  
  132  8:56  Marine  
  132  8:58  SCV  
  135  9:07  Marine, SCV, Terran Infantry Armor Level 2  
  135  9:08  Marine x2  
  135  9:09  Marine  
  140  9:10  SCV  
  140  9:11  Supply Depot  
  140  9:13  Marine  
  142  9:19  SCV  
  142  9:26  Marine  
  142  9:28  Command Center  
  143  9:31  Marine  
  143  9:32  SCV  
  143  9:35  Marine  
  143  9:36  Marine x3  
  143  9:37  Siege Tank  
  143  9:38  Marine  
  153  9:49  Marine  
  153  9:51  SCV  
  155  9:55  Supply Depot, Marine x2  
  155  9:56  Supply Depot, Marine  
  157  10:07  SCV, Marine  
  157  10:24  Marine  
  157  10:25  Marine x3  
  157  10:26  Marine x2  
  157  10:28  Supply Depot  
  117  10:42  Marine x2  
  111  10:43  Marine x4  
  111  10:44  Marine  
  111  10:45  Siege Tank x2  
  123  11:00  Marine x2  
  123  11:01  Marine x3  
Tags
 
Add a new tag
Caveats
  • Supply blocks, unpowered buildings, or Contaminate may cause inaccurate times.
  • Supply counts are checked every 10 seconds.